Map: Port Aleksander EC

Players

Sorandom

  • Race: Zerg Zerg
  • League: Diamond
  • Spawn Location: 11:00

Yolpo - Winner!

  • Race: Zerg Zerg
  • League: Diamond
  • Spawn Location: 5:00

VOD

Have the link to the VOD?

Description

Time

  • Played on: April 6, 2019, 3:58 p.m.
  • Length: 5:57
Show
View Real Time Build Order
Export as new Build Order

Sorandom Zerg 

Build Orders: Pool Only 

Get SALT Encoding   

  12  0:01  Drone  
  13  0:23  Spawning Pool  
  13  0:28  Drone  
  13  0:30  Drone  
  14  0:39  Overlord  
  14  1:10  Zergling x6  
  17  1:22  Zergling x2  
  18  1:34  Zergling x2  
  19  1:44  Zergling x2  
  20  1:53  Zergling x2  
  21  2:09  Spine Crawler  
  21  2:10  Spine Crawler  
  21  2:12  Spine Crawler  
  15  2:29  Zergling x2  
  5  2:51  Zergling x2  
  4  3:15  Zergling x2  
  4  3:43  Drone  
  4  4:44  Drone  
  5  5:15  Drone  
  6  5:38  Zergling x2  
Show
View Real Time Build Order
Export as new Build Order

Yolpo Zerg - Winner!

Build Orders: 1 Base Baneling Bust, Pool First 

Get SALT Encoding   

  12  0:01  Drone  
  13  0:09  Drone  
  14  0:18  Overlord  
  14  0:34  Extractor, Drone  
  14  0:36  Drone x2  
  16  0:45  Drone  
  17  0:55  Spawning Pool  
  16  0:59  Drone  
  17  1:07  Drone  
  18  1:18  Drone  
  19  1:28  Overlord  
  19  1:42  Metabolic Boost, Queen  
  19  1:44  Zergling x2  
  22  1:51  Spine Crawler  
  22  1:53  Zergling x2  
  22  2:03  Zergling x2  
  23  2:12  Zergling x2  
  14  2:40  Zergling x4  
  12  2:50  Drone  
  8  3:03  Drone  
  9  3:12  Drone  
  10  3:16  Drone  
  12  3:27  Drone  
  12  3:40  Drone x3  
  14  3:50  Drone  
  15  3:59  Drone  
  16  4:06  Drone  
  17  4:15  Drone  
  18  4:34  Drone  
  19  4:39  Drone x4  
  23  4:49  Extractor  
  22  4:54  Baneling Nest  
  22  4:57  Zergling x2  
  22  5:11  Zergling x8  
  26  5:25  Hatchery  
  26  5:27  Zergling x2  
  26  5:37  Baneling x3  
  26  5:39  Zergling x2  
  26  5:40  Zergling x4  
Tags
 
Add a new tag
Caveats
  • Supply blocks, unpowered buildings, or Contaminate may cause inaccurate times.
  • Supply counts are checked every 10 seconds.